 Dungeon Crawl Stone Soup version 0.29.0-4-gdea44cf6ec (webtiles) character file.

Game seed: 6485616091975831610

10817 voltaire321 the Prestidigitator (level 11, -1/87 HPs)
             Began as a Demonspawn Artificer on Aug 27, 2022.
             Was a Priest of Wu Jian.
             Slain by an orc
             ... wielding a +0 hand axe
              (7 damage)
             ... on level 1 of the Orcish Mines.
             The game lasted 00:36:38 (12691 turns).

voltaire321 the Prestidigitator (DsAr)             Turns: 12691, Time: 00:36:39

Health: -1/87      AC: 12    Str: 18    XL:     11   Next: 41%
Magic:  11/11      EV: 16    Int: 12    God:    Wu Jian [***...]
Gold:   598        SH:  6    Dex: 19    Spells: 10/10 levels left

rFire   + . .      SeeInvis +   v - +2 whip (elec)
rCold   + . .      Faith    .   j - +0 buckler
rNeg    . . .      Spirit   .   w - +3 leather armour {rF+}
rPois   .          Reflect  .   (helmet unavailable)
rElec   .          Harm     .   q - +1 cloak
rCorr   .          Rampage  .   l - +1 pair of gloves of Ithrupum {Stlth+}
Will    .....                   (no boots)
Stlth   +++.......              z - amulet of regeneration
HPRegen 1.04/turn               h - ring of protection from cold
MPRegen 0.12/turn               g - +6 ring of dexterity

@: mighty
A: antennae 3, claws 1, demonic guardian 2, spiny 1, weakness stinger 2, hooves
1, mutation resistance 1, shaggy fur 1
a: Renounce Religion, Wall Jump, Serpent's Lash


You were on level 1 of the Orcish Mines.
You worshipped Wu Jian.
Wu Jian was most pleased with you.
You visited 2 branches of the dungeon, and saw 12 of its levels.
You also visited: Bailey.

You collected 958 gold pieces.
You spent 360 gold pieces at shops.

Inventory:

Hand Weapons
 e - a +0 scimitar
 v - a +2 whip of electrocution (weapon)
 D - a +0 long sword
Missiles
 k - 13 poisoned darts (quivered)
Armour
 d - a +0 troll leather armour
 j - a +0 buckler (worn)
 l - the +1 pair of gloves of Ithrupum (worn) {Stlth+}
   (You found it on level 5 of the Dungeon)

   Stlth:     It makes you more stealthy.
 n - a +1 leather armour of cold resistance
 q - a +1 cloak (worn)
 s - a +0 tower shield
 w - a +3 leather armour of fire resistance (worn)
Jewellery
 g - a +6 ring of dexterity (right hand)
 h - a ring of protection from cold (left hand)
 p - a ring of positive energy
 z - an amulet of regeneration (around neck)
 A - the ring of Lugonu's Pride {Wiz Dex+4}
   (You found it in a bailey)

   [ring of wizardry]

   It improves your spell success rate.
   Dex:       It affects your dexterity (+4).
Wands
 B - a wand of mindburst (11)
 G - a wand of flame (13)
 J - a wand of iceblast (1)
Scrolls
 a - 7 scrolls of blinking
 b - 3 scrolls of fear
 c - a scroll of fog
 y - a scroll of enchant weapon
 C - a scroll of identify
 F - 2 scrolls of teleportation
 I - a scroll of acquirement {unknown}
 K - a scroll of brand weapon {unknown}
Potions
 f - 2 potions of might
 i - a potion of berserk rage
 m - 8 potions of mutation
 o - a potion of curing
 x - 3 potions of haste
 E - 2 potions of brilliance {unknown}
 H - 2 potions of cancellation {unknown}
Miscellaneous
 t - a phantom mirror


   Skills:
 + Level 8.8 Fighting
 + Level 8.2 Armour
 + Level 8.0 Dodging
 - Level 0.8 Stealth
 - Level 5.0 Shields
 + Level 9.2 Evocations


You had 10 spell levels left.
You didn't know any spells.
Your spell library contained the following spells:

 Spells                   Type           Power      Damage    Failure   Level
 Magic Dart               Conj           0%         1d3       45%         1
 Ensorcelled Hibernation  Hex/Ice        0%         N/A       58%         2
 Searing Ray              Conj           0%         2d4       58%         2
 Sublimation of Blood     Necr           0%         N/A       58%         2
 Wereblood                Tmut           0%         N/A       58%         2
 Spider Form              Tmut/Pois      0%         N/A       83%         3
 Anguish                  Hex/Necr       0%         N/A       99%         4
 Fulminant Prism          Conj/Hex       0%         3d6       99%         4
 Malign Gateway           Summ/Tloc      0%         N/A       100%        7
 Summon Hydra             Summ           0%         N/A       100%        7
 Summon Horrible Things   Summ           0%         N/A       100%        8


Dungeon Overview and Level Annotations

Branches:
Dungeon (10/15)            Temple (0/1) D:4             Orc (2/2) D:9
    Elf (0/3) Orc:2        Bailey (visited)
   Lair: D:8-11

Altars:
Cheibriados
Dithmenos
Fedhas
Gozag
Kikubaaqudgha
Makhleb
Ru
Wu Jian
Xom
Yredelemnul

Shops:
D:6 =   D:7 [***[:   D:9 =   Orc:1 (

Annotations:
D:6 1 runed translucent door, Godmorgon's ghost, novice GnWn
Orc:1 Snorg


Innate Abilities, Weirdness & Mutations

You have a pair of large antennae on your head. (SInv)
You have sharp fingernails.
A demonic guardian rushes to your aid.
You are partially covered in sharp spines.
You have a tail ending in a sharp stinger.
You have large cloven feet.
You are somewhat resistant to further mutation.
You are covered in fur. (AC +1)


Message History

The orc warrior moves out of view.
You hear a shout!
An ogre comes into view. It is wielding a +0 giant club.
The ogre shouts!
Your ice devil hits the ogre!
The ogre dies!
The Council accepts your kill.
An orc comes into view. It is wielding a +0 hand axe.
You spin and attack the orc.
The orc shouts!
You hit the orc. You kick the orc.
You kill the orc!
The Council accepts your kill.
You hear a shout!
The orc knight roars a battlecry!
The orcs go into a battle-frenzy!
Snorg is struck by your spines. Snorg misses you.
Snorg claws you but does no damage. x2
Snorg attacks as you move away! Snorg is struck by your spines.
Snorg barely misses you. Snorg claws you! x2;
Found 47 gold pieces.
You block the orc knight's attack.
The orc warrior hits you with a +0 halberd!
* * * LOW HITPOINT WARNING * * *
An orc comes into view. It is wielding a +0 war axe.
You spin to attack the orc warrior, but your attack speed is too slow for a blow to land.
The orc warrior hits you with a +0 halberd!!
* * * LOW HITPOINT WARNING * * *
Snorg is struck by your spines. Snorg closely misses you. x3
You feel much better. You block Snorg's attack.
Snorg claws you but does no damage. Snorg claws you!
* * * LOW HITPOINT WARNING * * *
The orc knight hits you but does no damage.
The orc warrior closely misses you.
An orc warrior comes into view. It is wielding a +0 halberd.
The orc knight barely misses your ice devil.
Your ice devil hits the orc!
The orc dies!
The Council accepts your kill. The orc attacks as you move away!
The orc hits you with a +0 hand axe!
You die...

*,,,,,....$..>..##....#
**,,,,................#*
*,,,,,......#..........****
***,,,,.........))..#.#..,,**
*,*,**,....#........._...,,,*
,,,,,**.oo##.{.o4........,,,*
*,*,**,....#..{o)o.#.....,,**
*******......o##To.#.....***
***.....oo@...#....*
*#.....o...##*#.#*
###...##...# **# #$...*##.##
##..#* *## *#o..,* #..o$**
##..,**** **,***,**


You could see Snorg (berserk, ally target), 2 orc knights, 4 orc warriors, an
orc wizard (strong), 3 orcs and a friendly ice devil (summoned).

Vanquished Creatures
  A two-headed ogre (D:9)
  A deep elf zephyrmancer (Bailey)
  An orc knight (Orc:1)
  An orc sorcerer (Orc:1)
  Pikel (D:5)
  A vault sentinel (D:7)
  3 trolls
  2 hornets
  2 shadows (D:9)
  A wyvern (D:6)
  4 yaks (D:9)
  A two-headed ogre zombie (D:9)
  A water moccasin (D:8)
  2 ice beasts
  8 orc warriors
  A sky beast (D:7)
  3 ogres
  3 centaurs (D:9)
  2 lemures
  A kobold brigand (D:6)
  A phantom (D:9)
  Blork the orc (D:5)
  8 bullfrogs
  2 gnoll sergeants
  2 necrophages
  2 scorpions
  A troll zombie (D:9)
  8 killer bees
  2 howler monkeys (D:5)
  3 hounds
  5 orc priests
  A jelly (D:8)
  5 iguanas
  4 orc wizards
  6 ogre zombies (D:9)
  9 gnolls
  11 adders
  2 shadow imps
  2 dart slugs
  A worm (D:3)
  46 orcs
  9 ball pythons
  7 endoplasms
  5 giant cockroaches
  9 goblins
  4 hobgoblins
  A jackal (D:5)
  2 quokkas
  3 bats
  4 frilled lizards
  3 goblin skeletons (D:9)
  3 goblin zombies (D:9)
  A hobgoblin skeleton (D:9)
  2 hobgoblin zombies (D:9)
  14 kobolds
  2 orc skeletons (D:9)
  14 orc zombies (D:9)
  5 rats
250 creatures vanquished.

Vanquished Creatures (collateral kills)
  An orc knight (Bailey)
  A vault sentinel (D:7)
  A wraith (D:9)
  Menkaure (D:7)
  2 orc warriors
  An ogre (Orc:1)
  A bullfrog (D:7)
  A gnoll sergeant (D:5)
  A scorpion (D:5)
  4 killer bees (D:5)
  2 orc priests
  3 iguanas (D:5)
  An orc wizard (D:5)
  An adder (D:5)
  2 gnolls (D:7)
  2 dart slugs
  10 orcs
  A hobgoblin (D:1)
  2 jackals (D:5)
  A quokka (D:2)
  A kobold (D:1)
40 creatures vanquished.

Vanquished Creatures (others)
  A two-headed ogre (D:9)
  A troll (D:7)
  A yak (D:9)
  A water moccasin (D:9)
  A gnoll (D:9)
5 creatures vanquished.

Grand Total: 295 creatures vanquished

Notes
Turn   | Place    | Note
-------+----------+-------------------------------------------
     0 | D:1      | voltaire321 the Demonspawn Artificer began the quest for
                  | the Orb.
     0 | D:1      | Reached XP level 1. HP: 15/15 MP: 1/1
   147 | D:1      | Reached skill level 1 in Dodging
   531 | D:1      | Gained mutation: A weak demonic guardian rushes to your
                  | aid. [demonic ancestry]
   531 | D:1      | Reached XP level 2. HP: 21/21 MP: 2/2
  1554 | D:2      | Discovered your monstrous ancestry.
  1554 | D:2      | Gained mutation: You have a pair of small antennae on your
                  | head. [demonic ancestry]
  1554 | D:2      | Reached XP level 3. HP: 19/27 MP: 3/3
  2501 | D:2      | Gained mutation: You have a pair of antennae on your head.
                  | [demonic ancestry]
  2501 | D:2      | Reached XP level 4. HP: 29/33 MP: 4/4
  3446 | D:3      | Found a faded altar of an unknown god.
  3627 | D:3      | Found a basalt altar of Yredelemnul.
  4031 | D:3      | Gained mutation: A demonic guardian rushes to your aid.
                  | [demonic ancestry]
  4031 | D:3      | Reached XP level 5. HP: 29/39 MP: 5/5
  4311 | D:4      | Found a shadowy altar of Dithmenos.
  4328 | D:4      | Reached skill level 4 in Evocations
  4537 | D:4      | Found an opulent altar of Gozag.
  4740 | D:4      | Found a staircase to the Ecumenical Temple.
  4906 | D:4      | Reached XP level 6. HP: 47/47 MP: 6/6
  5290 | D:4      | Found a shimmering altar of Xom.
  5481 | D:5      | Entered Level 5 of the Dungeon
  6030 | D:5      | Gained mutation: You have a pair of large antennae on your
                  | head. (SInv) [demonic ancestry]
  6030 | D:5      | Reached XP level 7. HP: 29/52 MP: 7/7
  6074 | D:5      | Gained mutation: You are covered in fur. (AC +1) [potion of
                  | mutation]
  6074 | D:5      | Gained mutation: You have large cloven feet. [potion of
                  | mutation]
  6074 | D:5      | Gained mutation: You are somewhat resistant to further
                  | mutation. [potion of mutation]
  6075 | D:5      | HP: 2/53 [poisoned by a killer bee]
  6087 | D:5      | Reached skill level 5 in Evocations
  6088 | D:5      | HP: 1/54 [killer bee (3)]
  6433 | D:5      | Identified the +1 pair of gloves of Ithrupum {Stlth+}
  6694 | D:5      | Noticed Pikel
  6895 | D:5      | Noticed Blork the orc
  6901 | D:5      | Killed Blork the orc
  6908 | D:5      | Reached skill level 1 in Shields
  6908 | D:5      | Gained mutation: You have sharp fingernails. [demonic
                  | ancestry]
  6908 | D:5      | Reached XP level 8. HP: 53/61 MP: 8/8
  7058 | D:5      | Killed Pikel
  7059 | D:5      | Reached skill level 5 in Fighting
  7059 | D:5      | Reached skill level 5 in Armour
  7059 | D:5      | Reached skill level 6 in Evocations
  7834 | D:6      | Reached skill level 5 in Dodging
  8111 | D:6      | Gained mutation: You have a small tail. [demonic ancestry]
  8111 | D:6      | Reached XP level 9. HP: 30/68 MP: 9/9
  8437 | D:6      | Found Zafiemof's Jewellery Shop.
  8446 | D:6      | Bought an amulet of regeneration for 360 gold pieces
  8693 | D:6      | Found a runed translucent door.
  8699 | D:6      | Noticed Godmorgon's ghost (novice GnWn)
  9039 | D:7      | Found a snail-covered altar of Cheibriados.
  9089 | D:7      | Found Vukhliept's Antique Armour Shop.
  9249 | D:7      | Noticed Menkaure
  9256 | D:7      | HP: 2/70 [Menkaure (14)]
  9257 | D:7      | Killed Menkaure
  9258 | D:7      | Reached skill level 7 in Evocations
  9350 | D:7      | Found Gagrat's Specific Store.
  9352 | D:7      | Found Vav Mik's General Store.
  9394 | D:7      | Found an ornate altar of the Wu Jian Council.
  9394 | D:7      | Found an ancient bone altar of Kikubaaqudgha.
  9395 | D:7      | Found a burning altar of Makhleb.
  9397 | D:7      | Found a sacrificial altar of Ru.
  9398 | D:7      | Found a blossoming altar of Fedhas.
  9401 | D:7      | Became a worshipper of the Wu Jian Council
  9553 | D:7      | Noticed a vault sentinel
  9553 | D:7      | Noticed a vault sentinel
  9568 | D:7      | Noticed a troll
  9607 | D:7      | Killed a vault sentinel
  9619 | D:7      | Killed a vault sentinel
  9657 | D:7      | Found Jegakken's Assorted Antiques.
  9664 | D:7      | Found Asick's Antique Armour Emporium.
  9666 | D:7      | Found Puegil's Book Shop.
  9750 | D:7      | Found the +18 shield of the Gong {rElec rN+ Will+ EV-5}
  9832 | D:8      | Gained mutation: You are partially covered in sharp spines.
                  | [demonic ancestry]
  9832 | D:8      | Reached XP level 10. HP: 76/77 MP: 10/10
  9963 | D:8      | Found a flagged portal.
  9969 | D:8      | Reached * piety under Wu Jian
  9977 | Bailey   | Entered a bailey
 10207 | Bailey   | Noticed an orc knight
 10234 | Bailey   | Found a large runed translucent door.
 10234 | Bailey   | Found a large runed translucent door.
 10235 | Bailey   | Noticed a deep elf zephyrmancer
 10250 | Bailey   | Killed an orc knight
 10251 | Bailey   | Reached skill level 5 in Shields
 10269 | Bailey   | Killed a deep elf zephyrmancer
 10270 | Bailey   | Reached skill level 8 in Evocations
 10370 | Bailey   | Identified the ring of Lugonu's Pride {Wiz Dex+4}
 11228 | D:9      | Noticed a two-headed ogre
 11796 | D:9      | Found Agodimege's Jewellery Emporium.
 11810 | D:9      | Reached ** piety under Wu Jian
 11837 | D:9      | Found a staircase to the Orcish Mines.
 11858 | D:9      | Gained mutation: You have a tail ending in a sharp stinger.
                  | [demonic ancestry]
 11858 | D:9      | Reached XP level 11. HP: 86/86 MP: 11/11
 11922 | D:9      | Noticed a two-headed ogre
 11941 | D:9      | Killed a two-headed ogre
 12008 | D:9      | Reached *** piety under Wu Jian
 12357 | D:10     | Entered Level 10 of the Dungeon
 12386 | Orc:1    | Entered Level 1 of the Orcish Mines
 12388 | Orc:1    | Noticed an orc knight
 12393 | Orc:1    | Killed an orc knight
 12394 | Orc:1    | Reached skill level 9 in Evocations
 12397 | Orc:1    | Found Cukhlif's Antique Weapon Shop.
 12430 | Orc:2    | Entered Level 2 of the Orcish Mines
 12447 | Orc:1    | Found a burning altar of Makhleb.
 12504 | Orc:1    | Noticed an orc sorcerer
 12538 | Orc:1    | Killed an orc sorcerer
 12622 | Orc:2    | Found a staircase to the Elven Halls.
 12671 | Orc:2    | Noticed Snorg
 12679 | Orc:1    | Noticed an orc knight
 12680 | Orc:1    | Noticed an orc knight
 12689 | Orc:1    | HP: 1/87 [orc warrior/+0 halberd (23)]
 12691 | Orc:1    | Slain by an orc

Illustrated notes

Levels and vault maps discovered:
D:1:      lightli_arrival_statue_moat, layout_loops_cross
D:2:      layout_loops_ring
D:3:      minmay_octagon_keep, layout_loops_cross, kennysheep_ying_yang,
          hellmonk_ecumenical_altar_lost_god, kennysheep_generic_room_10
D:4:      layout_basic, marbit_many_paths, mainiacjoe_overflow_catwalk,
          mainiacjoe_overflow_boulevard, general_overflow_altar,
          minmay_temple_entry_overgrown
D:5:      kennysheep_spiral_hall, layout_loops_ring, minmay_circle_x,
          uniq_blork_the_orc, uniq_pikel
D:6:      layout_loops_ring, ebering_ghost_sewer_d, serial_shops, shop
D:7:      layout_basic, nicolae_overflow_crystal_walls,
          grunt_temple_overflow_open, serial_shops, shop_statue,
          nicolae_specific_store, minivault_24, nicolae_wooded_promenade,
          hellmonk_guarded_unrand_gong, uniq_menkaure
D:8:      layout_basic, enter_bailey_4
D:9:      layout_loops_ring, zombieorc2_lemuel, serial_shops, shop,
          minmay_misc_feat_pillars, chequers_serial_rivers_large_b, st_stairs_5
D:10:     gammafunk_cloud_chamber, layout_irregular_city, kennysheep_little_box,
          mainiacjoe_overflow_six_doors_small, lair_entry_dummy
Orc:1:    layout_caves, enter_volcano_3, basic_altar, serial_shops, shop,
          hangedman_feature_mirror
Orc:2:    st_orc_open, layout_diamond_mine, uniq_snorg

Skill      XL: |  1  2  3  4  5  6  7  8  9 10 11 |
---------------+----------------------------------+-----
Dodging        | 1 2 3 4 5 6 7 8 |  8.0
Armour         | 2 3 4 5 6 7 8 |  8.2
Fighting       | 2 3 4 5 6 8 |  8.8
Evocations     | 4 5 6 7 8 9 |  9.2
Shields        | 1 2 4 5 |  5.0
Stealth        | |  0.8

Action                   |  1- 3 |  4- 6 |  7- 9 | 10-12 || total
-------------------------+-------+-------+-------+-------++-------
Melee: Dagger            |   164 |    60 |       |       ||   224
       Club              |     6 |       |       |       ||     6
       Punch             |     1 |     3 |       |       ||     4
       Rapier            |       |    47 |       |       ||    47
       Whip              |       |   120 |   255 |   325 ||   700
       Kick              |       |       |    93 |   108 ||   201
       Tailslap          |       |       |    14 |    58 ||    72
Throw: Dart              |       |       |     3 |       ||     3
Invok: Whirlwind         |       |       |       |    65 ||    65
       Lunge             |       |       |       |    24 ||    24
Evoke: Wand              |     3 |     7 |    12 |     9 ||    31
  Use: Scroll            |       |    11 |     3 |     4 ||    18
       Potion            |       |       |     7 |     3 ||    10
 Stab: Sleeping          |     2 |     2 |     2 |     4 ||    10
Armor: Ring mail         |    39 |       |       |       ||    39
       Leather armour    |    27 |   103 |    84 |    94 ||   308
Dodge: Dodged            |    79 |   152 |   181 |   238 ||   650
Block: Buckler           |       |       |    64 |   108 ||   172
